 Dungeon Crawl Stone Soup version 0.28.0-43-g3370ac3207 (webtiles) character file.

Game seed: 3298626511178562218

403 RascalDebosk the Stinger (level 6, -1/36 HPs)
             Began as an Octopode Venom Mage on Mar 14, 2022.
             Slain by an orc
             ... wielding a +0 dagger
              (3 damage)
             ... on level 4 of the Dungeon.
             The game lasted 00:38:09 (4632 turns).

RascalDebosk the Stinger (Octopode Venom Mage)      Turns: 4632, Time: 00:38:09

Health: -1/36      AC:  1    Str:  7    XL:     6   Next: 86%
Magic:  6/10       EV: 14    Int: 19    God:
Gold:   86         SH:  0    Dex: 13    Spells: 3/11 levels left

rFire   . . .      SeeInvis .   i - +4 quarterstaff (chaos)
rCold   . . .      Faith    .   (shield currently unavailable)
rNeg    . . .      Spirit   .   (helmet restricted)
rPois   .          Reflect  .   (no amulet)
rElec   .          Harm     .   (no ring)
rCorr   .          Rampage  .   (no ring)
Will    .....                   (no ring)
Stlth   ++++......              (no ring)
HPRegen 0.12/turn               (no ring)
MPRegen 0.12/turn               (no ring)
                                (no ring)
                                (no ring)

@: very slightly contaminated
A: almost no armour, amphibious, 8 rings, camouflage 1, gelatinous body 1,
(nimble swimmer 1), tentacles
a: no special abilities


You were on level 4 of the Dungeon.
You visited 1 branch of the dungeon, and saw 4 of its levels.

You collected 86 gold pieces.

Inventory:

Hand Weapons
 b - a +0 vampiric dagger
 i - a +4 quarterstaff of chaos (weapon)
 j - a +1 dagger of venom
Scrolls
 f - 2 scrolls of teleportation
 g - a scroll of torment
 h - a scroll of enchant weapon {unknown}
Potions
 a - 2 potions of heal wounds {unknown}
 c - a potion of brilliance {unknown}
 e - 2 potions of curing {unknown}


   Skills:
 + Level 3.3 Dodging
 + Level 4.8 Stealth
 + Level 3.1 Spellcasting
 + Level 0.2 Conjurations
 + Level 2.7 Transmutations
 + Level 4.9 Poison Magic
 - Level 2.6 Evocations


You had 3 spell levels left.
You knew the following spells:

 Your Spells              Type           Power      Damage    Failure   Level
a - Sting                 Tmut/Pois      68%        1d6       3%          1
b - Passwall              Tmut/Erth      6%         N/A       13%         2
c - Olgreb's Toxic Radia  Pois           21%        N/A       21%         4
d - Magic Dart            Conj           16%        1d3       14%         1

Your spell library contained the following spells:

 Spells                   Type           Power      Damage    Failure   Level
 Poisonous Vapours        Pois/Air       24%        N/A       9%          2
 Sandblast                Erth           4%         2d4       16%         1
 Summon Small Mammal      Summ           8%         N/A       16%         1
 Call Imp                 Summ           2%         N/A       22%         2
 Mephitic Cloud           Conj/Pois/Air  9%         N/A       22%         3
 Stone Arrow              Conj/Erth      6%         3d7       38%         3
 Call Canine Familiar     Summ           2%         N/A       41%         3
 Summon Guardian Golem    Hex/Summ       2%         N/A       41%         3


Dungeon Overview and Level Annotations

Branches:
Dungeon (4/15)
 Temple: D:4-7

Altars:
Fedhas
Sif Muna


Innate Abilities, Weirdness & Mutations

You cannot wear most types of armour.
You are amphibious.
You can wear up to eight rings at the same time.
Your skin changes colour to match your surroundings (Stealth+).
Your rubbery body absorbs attacks. (AC +1, EV +1)
((You are camouflaged when in or above water. (Stealth+)))
You have tentacles for arms and can constrict up to eight enemies at once.


Message History

* * * LOW HITPOINT WARNING * * *
The kobold closely misses you.
You hit the orc. You burn the orc.
The orc is almost dead.
The orc closely misses you.
The kobold hits you with a +0 short sword.
* * * LOW HITPOINT WARNING * * *
You sock the kobold!
You kill the kobold!
The orc closely misses you. The orc barely misses you.
You sock the orc!
You kill the orc!
You start resting.
You feel less confused.
You start resting.
An orc is nearby!
Things that are here:
a +0 dagger; a +0 robe
Aiming: Sting (safe; 3% risk of failure)
Press: ? - help, Q - select action, (/) - cycle Shift-Dir - straight line, f - orc
Aim: an orc, wielding a +0 dagger (74% to hit)
You miscast Sting.
You are very lightly contaminated with residual magic.
Nothing appears to happen.
Aiming: Sting (safe; 3% risk of failure)
Press: ? - help, Q - select action, (/) - cycle Shift-Dir - straight line, f/p - orc
Aim: an orc, wielding a +0 dagger (74% to hit)
The sting hits the orc.
The orc is poisoned.
The orc is moderately wounded.
Aiming: Sting (safe; 3% risk of failure)
Press: ? - help, Q - select action, (/) - cycle Shift-Dir - straight line, f/p - orc
Aim: an orc, wielding a +0 dagger (moderately wounded, poisoned, 74% to hit)
You miscast Sting.
Nothing appears to happen.
The orc misses you.
You barely miss the orc. You grab the orc.
The orc is moderately wounded.
You constrict the orc. The orc hits you with a +0 dagger.
* * * LOW HITPOINT WARNING * * *
The orc hits you with a +0 dagger.
You die...

.#'#...#'#,#####......#*
...#..[#,..,,#.......##
...##'##,,...+..###.##
...#...#,,,..#...#**#
.#+#...#+*,###...#
.#,.....,*,+....##
####...#####..)..##
,*,+...+........).#
'*,#####.....#.o@)#
,,,,,**,.....##..##
,,,,,*,,oo..,#...#*
,,,,,*,,...,,##...*
+*,***,,...,,*..##*
,*,+,,,,,**,*#..*
,***,,,*,,*,,..#*
,,,,,****,,,...*
,,,,,,,,,,,,,***


You could see an orc (poisoned).

Vanquished Creatures
  A black bear (D:4)
  A scorpion (D:4)
  A hound (D:4)
  Crazy Yiuf (D:3)
  Terence (D:3)
  An orc wizard (D:4)
  A hound skeleton (D:4)
  5 adders
  A white imp (D:3)
  A worm (D:3)
  2 dart slugs
  2 orcs (D:4)
  4 bats
  5 endoplasms
  5 giant cockroaches
  5 goblins
  6 hobgoblins
  9 jackals
  9 kobolds
  5 ball pythons
  4 frilled lizards
  8 rats
78 creatures vanquished.

Notes
Turn   | Place    | Note
-------+----------+-------------------------------------------
     0 | D:1      | RascalDebosk the Octopode Venom Mage began the quest for
                  | the Orb.
     0 | D:1      | Reached XP level 1. HP: 11/11 MP: 3/3
   270 | D:1      | Reached XP level 2. HP: 17/17 MP: 0/5
   277 | D:1      | Learned a level 2 spell: Passwall
  1411 | D:2      | Reached XP level 3. HP: 21/21 MP: 1/6
  1488 | D:2      | Reached skill level 1 in Evocations
  1559 | D:2      | Found a faded altar of an unknown god.
  1861 | D:2      | HP: 1/21 [adder (4)]
  2264 | D:3      | Reached XP level 4. HP: 27/27 MP: 7/7
  2415 | D:3      | You fall into a shaft and drop 1 floor!
  2685 | D:3      | Reached XP level 5. HP: 31/31 MP: 8/8
  2762 | D:3      | Noticed Terence
  2797 | D:3      | Killed Terence
  3490 | D:3      | Identified the +6 ring mail "Iruosade" {Int+2 Dex+6}
  3593 | D:3      | Found a blossoming altar of Fedhas.
  3742 | D:3      | Found a runed translucent door.
  3743 | D:3      | Noticed Crazy Yiuf
  3751 | D:3      | Killed Crazy Yiuf
  4005 | D:4      | Reached XP level 6. HP: 28/36 MP: 10/10
  4128 | D:4      | Noticed a black bear
  4137 | D:4      | Learned a level 4 spell: Olgreb's Toxic Radiance
  4188 | D:4      | Killed a black bear
  4313 | D:4      | Learned a level 1 spell: Magic Dart
  4381 | D:4      | Found a shimmering blue altar of Sif Muna.
  4632 | D:4      | Slain by an orc

Illustrated notes

Levels and vault maps discovered:
D:1:      minmay_arrival_up_and_down, layout_basic
D:2:      cheibrodos_helix_gallery, layout_rooms,
          shapermc_ecumenical_altar_totnotflames
D:3:      layout_loops_corners, fedhas_altar_fruit_tree, grunt_ministairs_7,
          uniq_crazy_yiuf_cottage, uniq_terence
D:4:      nicolae_cairo_tiling_large, layout_cave_pools, kennysheep_little_box

Skill      XL: |  1  2  3  4  5  6 |
---------------+-------------------+-----
Stealth        | 3 4 |  4.8
Evocations     | 1 2 |  2.6
Poison Magic   | 4 |  4.9
Transmutations | 2 |  2.7
Dodging        | 3 |  3.3
Spellcasting   | 3 |  3.1
Conjurations   | |  0.2

Action                   |  1- 3 |  4- 6 || total
-------------------------+-------+-------++-------
Melee: Dagger            |    29 |    45 ||    74
       Tentacles         |     6 |    17 ||    23
       Constrict         |     5 |    14 ||    19
       Quarterstaff      |       |    20 ||    20
 Cast: Sting             |    40 |    31 ||    71
       Magic Dart        |       |     1 ||     1
  Use: Scroll            |       |     3 ||     3
 Stab: Sleeping          |     4 |     7 ||    11
Armor: Skin              |     4 |     7 ||    11
Dodge: Dodged            |    34 |    58 ||    92
